 Dungeon Crawl Stone Soup version 0.25.0-9-g26727b6 (webtiles) character file.

Game seed: 14606439632044612148

74 oshikia the Insei (level 4, -4/35 HPs)
             Began as a Demonspawn Monk on June 17, 2020.
             Slain by a goblin
             ... wielding a +0 dagger
             ... led by Robin
              (5 damage)
             ... on level 2 of the Dungeon.
             The game lasted 00:02:22 (1324 turns).

oshikia the Insei (Demonspawn Monk)                 Turns: 1324, Time: 00:02:22

Health: -4/35      AC:  4    Str: 11    XL:     4   Next: 9%
Magic:  4/4        EV: 13    Int: 12    God:
Gold:   41         SH:  0    Dex: 16    Spells: 3/3 levels left

rFire    + . .     SeeInvis .   k - +2 short sword (venom)
rCold    + . .     Gourm    .   (no shield)
rNeg     . . .     Faith    .   a - +0 robe
rPois    +         Spirit   .   (helmet restricted)
rElec    +         Reflect  .   (no cloak)
rCorr    +         Harm     .   (no gloves)
MR       .....                  (no boots)
Stlth    ++........             (no amulet)
HPRegen  0.11/turn              (no ring)
MPRegen  0.09/turn              (no ring)

@: mighty, resistant, stab
A: antennae 1, thin metallic scales 1
a: no special abilities


You were on level 2 of the Dungeon.
You were not hungry.

You visited 1 branch of the dungeon, and saw 2 of its levels.

You collected 41 gold pieces.

Inventory:

Hand Weapons
 k - a +2 short sword of venom (weapon)
Armour
 a - a +0 robe (worn)
Scrolls
 d - 5 scrolls of identify {unknown}
 e - a scroll of enchant armour {unknown}
 f - a scroll of immolation {unknown}
 g - 2 scrolls of remove curse {unknown}
 h - a scroll of teleportation {unknown}
Potions
 c - a potion of might
Comestibles
 b - 4 rations
 l - 2 chunks of flesh


   Skills:
 - Level 3.0 Fighting
 - Level 2.6 Dodging
 - Level 1.7 Stealth
 + Level 4.5 Unarmed Combat


You had 3 spell levels left.
You didn't know any spells.
Your spell library was empty.

Dungeon Overview and Level Annotations

Branches:
Dungeon (2/15)

Altars:

Annotations:
D:2 Robin


Innate Abilities, Weirdness & Mutations

You have a pair of small antennae on your head.
You are partially covered in thin metallic scales. (AC +2)


Message History

The goblin closely misses you. The goblin hits you with a +0 dagger.
* * * LOW HITPOINT WARNING * * *
It was a potion of stabbing.
You feel ready to backstab. The goblin hits you with a +0 club.
* * * LOW HITPOINT WARNING * * *
The goblin barely misses you. The goblin hits you but does no damage.
You closely miss the goblin.
The goblin no longer looks unusually strong.
The goblin closely misses you. The goblin barely misses you.
The goblin hits you but does no damage.
You barely miss the goblin.
Robin roars a battlecry!
The goblins go into a battle-frenzy!
The goblin misses you. x2; The goblin hits you but does no damage.
You puncture the goblin!
You kill the goblin!
The goblin no longer looks unusually strong.
The goblin closely misses you. The goblin hits you with a +0 dagger.
You die...

## ##. .. ... ...#.#
.... ## #.##.. ##...#
.## ##..##.###....#
..#####.†###.##....####
#....##.###......#.>..
.........†.rg..g.g..#
#####.%..#...r{#gg.##
##..%......#####@###
........#..## ##g######
........##r.###ggg......
......#####...†.gr......
(.##.... #####..w...wr.
......## #.........
..##!## .......... (##
.# #......... .# #
#....###<#


You could see a worm, Robin, 3 hobgoblins, 5 goblins and a rat.

Vanquished Creatures
  2 adders (D:2)
  A gnoll (D:1)
  An ooze (D:2)
  A dart slug (D:1)
  A ball python (D:2)
  3 giant cockroaches
  7 goblins
  5 hobgoblins
  5 kobolds
  6 bats
  4 rats
36 creatures vanquished.

Notes
Turn   | Place    | Note
-------+----------+-------------------------------------------
     0 | D:1      | oshikia the Demonspawn Monk began the quest for the Orb.
     0 | D:1      | Reached XP level 1. HP: 18/18 MP: 1/1
    23 | D:1      | Reached skill level 3 in Unarmed Combat
    23 | D:1      | Gained mutation: You have a pair of small antennae on your
                  | head. [demonic ancestry]
    23 | D:1      | Reached XP level 2. HP: 21/24 MP: 2/2
   473 | D:1      | Gained mutation: You are partially covered in thin metallic
                  | scales. (AC +2) [demonic ancestry]
   473 | D:1      | Reached XP level 3. HP: 17/29 MP: 3/3
  1118 | D:2      | Reached skill level 4 in Unarmed Combat
  1289 | D:2      | Noticed Robin
  1304 | D:2      | Reached XP level 4. HP: 27/35 MP: 4/4
  1321 | D:2      | HP: 1/35 [goblin/+0 club[Robin] (2)]
  1324 | D:2      | Slain by a goblin

Illustrated notes

Levels and vault maps discovered:
D:1:      dpeg_arrival_pits, layout_rooms
D:2:      layout_rooms, old_standard_altar, uniq_robin

Skill      XL: |  1  2  3 |
---------------+----------+-----
Unarmed Combat | 3 4 |  4.5
Fighting       | |  3.0
Dodging        | |  2.6
Stealth        | |  1.7

Action                   |  1- 3 |  4- 6 || total
-------------------------+-------+-------++-------
Melee: Unarmed           |    63 |       ||    63
       Punch             |     2 |       ||     2
       Short sword       |    27 |    17 ||    44
  Use: Potion            |       |     3 ||     3
 Stab: Sleeping          |     3 |       ||     3
  Eat: Chunk             |     1 |       ||     1
Armor: Robe              |    19 |    10 ||    29
Dodge: Dodged            |    66 |    35 ||   101
